[ AOE2 MATCH · #507085434 ]
UnrankedKoreans vs Japanese
Player's team · LOSS
Rival team · WIN
[ REPLAY ANALYSIS · EXTRACTED FROM THE RECORDED GAME ]
Feudal
10:31
Castle
15:38
Imperial
—
| APM avg | 59.6 |
| APM peak | 94 |
| eAPM avg | 27.4 |
| Villagers / military | 50 / 28 |
Focus
⚔️ 35.2% · 🌾 64.8%
War Wagon ×25 · Monk ×1 · Iron Pagoda ×1 · Battering Ram ×1
Feudal
10:39
Castle
19:19
Imperial
—
| APM avg | 49.9 |
| APM peak | 90 |
| eAPM avg | 23.2 |
| Villagers / military | 92 / 53 |
Focus
⚔️ 38.6% · 🌾 61.4%
Monk ×36 · Archer ×6 · Mangonel ×6 · Militia ×5
Match map
Initial resources + every placement click. Lines = walls · curves = elevation contours. ◆ gold · ⬟ stone · ● berries · ✦ relic · ◌ wall gap
Your base· Open — unwalled flank
T90Official's base· ✓ Closed at 19:19 · 44t walls · no gate
Smoothed initial terrain · ◌ = detected wall gap · hover for details
Inputs per minute
— Tacacá - - T90Official
Build order — Tacacá
142 actions detected in the replay
| 0:01 | Queue | Villager (Male) ×4 |
| 0:02 | Build | House |
| 0:03 | Build | House |
| 1:24 | Queue | Villager (Male) |
| 1:45 | Build | Lumber Camp |
| 1:52 | Queue | Villager (Male) |
| 1:52 | Queue | Villager (Male) |
| 2:17 | Queue | Villager (Male) |
| 2:17 | Queue | Villager (Male) |
| 2:52 | Queue | Villager (Male) |
| 3:00 | Queue | Villager (Male) |
| 3:01 | Queue | Villager (Male) |
| 3:28 | Queue | Villager (Male) |
| 3:38 | Build | Mill |
| 4:02 | Build | House |
| 4:07 | Queue | Villager (Male) |
| 4:07 | Queue | Villager (Male) |
| 4:27 | Queue | Villager (Male) |
| 4:46 | Queue | Villager (Male) |
| 4:47 | Queue | Villager (Male) |
| 4:48 | Queue | Villager (Male) |
| 5:34 | Queue | Villager (Male) |
| 5:34 | Queue | Villager (Male) |
| 5:34 | Queue | Villager (Male) |
| 5:34 | Queue | Villager (Male) |
| 5:35 | Queue | Villager (Male) |
| 5:49 | Build | House |
| 6:24 | Build | Mill |
| 6:28 | Queue | Villager (Male) |
| 7:25 | Queue | Villager (Male) |
| 7:26 | Research | Loom |
| 7:35 | Build | House |
| 8:10 | Research | Feudal Age |
| 8:55 | Build | House |
| 9:12 | Build | Palisade Wall |
| 9:14 | Build | Palisade Wall |
| 9:15 | Build | Palisade Wall |
| 9:31 | Queue | Villager (Male) |
| 9:32 | Queue | Villager (Male) |
| 9:44 | Build | Palisade Wall |
| 9:48 | Build | Palisade Wall |
| 9:51 | Build | Palisade Wall |
| 9:52 | Build | Palisade Wall |
| 9:56 | Build | Palisade Wall |
| 10:00 | Build | Palisade Wall |
| 10:14 | Build | Palisade Wall |
| 10:16 | Build | Palisade Wall |
| 10:31 | Age | Feudal Age |
| 10:39 | Build | Blacksmith |
| 10:48 | Build | Palisade Wall |
| 11:08 | Queue | Villager (Male) |
| 11:41 | Queue | Villager (Male) |
| 11:48 | Build | Market |
| 12:13 | Queue | Villager (Male) |
| 12:19 | Build | Mining Camp |
| 12:21 | Build | Stone Wall |
| 12:22 | Build | Stone Wall |
| 12:23 | Build | Stone Wall |
| 12:23 | Build | Stone Wall |
| 12:24 | Build | Stone Wall |
| 12:25 | Build | Stone Wall |
| 12:58 | Research | Castle Age |
| 12:58 | Research | Castle Age |
| 13:00 | Research | Double-Bit Axe |
| 13:00 | Research | Double-Bit Axe |
| 13:08 | Build | Stone Wall |
| 13:13 | Build | House |
| 13:15 | Build | Stone Wall |
| 13:19 | Build | House |
| 13:21 | Build | Stone Wall |
| 13:23 | Build | Stone Wall |
| 13:27 | Build | Stone Wall |
| 13:29 | Build | Stone Wall |
| 14:17 | Build | House |
| 14:20 | Build | Palisade Wall |
| 14:39 | Build | Mill |
| 15:38 | Age | Castle Age |
| 15:55 | Build | Castle |
| 16:01 | Queue | Villager (Male) |
| 16:34 | Build | Stone Wall |
| 16:41 | Build | Mining Camp |
| 17:06 | Build | Lumber Camp |
| 17:32 | Queue | War Wagon |
| 17:32 | Queue | War Wagon |
| 17:34 | Queue | Villager (Male) |
| 17:34 | Queue | Villager (Male) |
| 17:48 | Queue | War Wagon |
| 17:49 | Queue | War Wagon |
| 18:20 | Queue | War Wagon |
| 18:51 | Queue | War Wagon |
| 19:03 | Queue | Villager (Male) |
| 19:03 | Queue | Villager (Male) |
| 19:22 | Build | Siege Workshop |
| 19:51 | Build | House |
| 19:51 | Queue | War Wagon |
| 19:57 | Queue | Villager (Male) |
| 20:18 | Queue | Battering Ram |
| 20:27 | Build | Watch Tower |
| 20:42 | Queue | War Wagon |
| 21:08 | Queue | Villager (Male) |
| 21:14 | Queue | War Wagon |
| 21:40 | Queue | War Wagon |
| 21:52 | Queue | Villager (Male) |
| 21:57 | Build | Mining Camp |
| 22:45 | Queue | War Wagon |
| 22:46 | Queue | Villager (Male) |
| 22:46 | Queue | Villager (Male) |
| 23:09 | Build | House |
| 23:12 | Research | Fletching |
| 23:12 | Research | Fletching |
| 23:33 | Queue | War Wagon |
| 23:40 | Queue | Iron Pagoda |
| 23:46 | Build | Farm |
| 23:47 | Build | Farm |
| 23:49 | Build | Farm |
| 24:02 | Queue | War Wagon |
| 24:36 | Queue | Villager (Male) |
| 24:36 | Queue | Villager (Male) |
| 24:55 | Queue | War Wagon |
| 24:55 | Queue | War Wagon |
| 25:05 | Queue | War Wagon |
| 25:25 | Queue | War Wagon |
| 25:27 | Queue | Villager (Male) |
| 25:27 | Queue | Villager (Male) |
| 25:34 | Build | Watch Tower |
| 25:44 | Build | Watch Tower |
| 25:50 | Build | Watch Tower |
| 25:53 | Queue | War Wagon |
| 26:37 | Queue | Villager (Male) |
| 26:38 | Queue | Villager (Male) |
| 26:56 | Queue | War Wagon |
| 26:56 | Queue | War Wagon |
| 27:02 | Queue | Villager (Male) |
| 27:09 | Build | Monastery |
| 27:36 | Queue | Monk |
| 28:09 | Queue | Villager (Male) |
| 28:10 | Queue | War Wagon |
| 29:19 | Queue | Villager (Male) |
| 29:38 | Queue | War Wagon |
| 29:56 | Queue | War Wagon |
| 29:56 | Queue | War Wagon |
| 30:31 | Queue | War Wagon |
Build order — T90Official
First 150 of 219 actions detected
| 0:00 | Queue | Villager (Male) ×4 |
| 0:01 | Build | House |
| 0:02 | Build | House |
| 1:28 | Queue | Villager (Male) |
| 1:51 | Queue | Villager (Male) |
| 1:55 | Build | Lumber Camp |
| 2:21 | Queue | Villager (Male) |
| 2:49 | Queue | Villager (Male) |
| 2:51 | Queue | Villager (Male) |
| 3:10 | Build | House |
| 3:30 | Queue | Villager (Male) |
| 4:01 | Queue | Villager (Male) |
| 4:19 | Build | Barracks |
| 4:27 | Queue | Villager (Male) |
| 4:43 | Queue | Villager (Male) |
| 4:46 | Build | House |
| 5:16 | Queue | Villager (Male) |
| 5:21 | Queue | Militia |
| 5:21 | Queue | Militia |
| 5:23 | Build | Mill |
| 5:44 | Queue | Militia |
| 5:51 | Queue | Villager (Male) |
| 6:13 | Queue | Villager (Male) |
| 6:16 | Build | House |
| 6:21 | Queue | Villager (Male) |
| 6:23 | Build | Mill |
| 6:56 | Queue | Villager (Male) |
| 7:01 | Queue | Villager (Male) |
| 7:43 | Queue | Villager (Male) |
| 7:54 | Build | Mining Camp |
| 8:29 | Research | Feudal Age |
| 8:43 | Queue | Militia |
| 8:48 | Build | House |
| 8:49 | Build | House |
| 8:59 | Research | Loom |
| 8:59 | Research | Loom |
| 9:02 | Queue | Villager (Male) |
| 9:23 | Queue | Militia |
| 9:33 | Build | House |
| 9:35 | Build | House |
| 9:36 | Build | Palisade Wall |
| 10:08 | Queue | Villager (Male) |
| 10:39 | Age | Feudal Age |
| 10:44 | Research | Man-at-Arms (upgrade) |
| 10:45 | Research | Double-Bit Axe |
| 10:45 | Research | Double-Bit Axe |
| 10:48 | Queue | Villager (Male) |
| 10:52 | Build | Archery Range |
| 11:06 | Queue | Villager (Male) |
| 11:31 | Build | Farm |
| 11:34 | Build | Farm |
| 11:36 | Queue | Villager (Male) |
| 11:42 | Queue | Archer |
| 11:42 | Queue | Archer |
| 11:43 | Queue | Archer |
| 11:45 | Queue | Villager (Male) |
| 11:56 | Queue | Villager (Male) |
| 12:05 | Queue | Villager (Male) |
| 12:08 | Build | Farm |
| 12:09 | Build | Farm |
| 12:25 | Queue | Villager (Male) |
| 12:26 | Queue | Villager (Male) |
| 12:27 | Queue | Villager (Male) |
| 12:46 | Build | Watch Tower |
| 12:58 | Queue | Archer |
| 13:00 | Queue | Villager (Male) |
| 13:19 | Build | Farm |
| 13:31 | Build | Farm |
| 13:44 | Queue | Archer |
| 13:45 | Queue | Villager (Male) |
| 13:49 | Build | Blacksmith |
| 14:29 | Queue | Villager (Male) |
| 14:30 | Queue | Villager (Male) |
| 14:31 | Build | Farm |
| 14:32 | Build | Farm |
| 14:45 | Build | Stone Wall |
| 14:46 | Build | Stone Wall |
| 14:46 | Build | Stone Wall |
| 14:48 | Build | Stone Wall |
| 14:49 | Build | Mining Camp |
| 14:53 | Build | Market |
| 14:54 | Queue | Villager (Male) |
| 15:16 | Queue | Villager (Male) |
| 15:17 | Build | Farm |
| 15:24 | Queue | Archer |
| 16:01 | Queue | Villager (Male) |
| 16:09 | Build | Palisade Wall |
| 16:25 | Build | House |
| 16:39 | Research | Castle Age |
| 16:46 | Build | Palisade Wall |
| 17:16 | Build | House |
| 17:37 | Queue | Villager (Male) |
| 17:38 | Build | Farm |
| 17:57 | Build | House |
| 18:04 | Build | Watch Tower |
| 18:10 | Research | Fletching |
| 18:24 | Build | Mining Camp |
| 18:26 | Build | Outpost |
| 18:29 | Build | Outpost |
| 18:31 | Build | Outpost |
| 18:42 | Build | House |
| 18:45 | Build | Mining Camp |
| 18:50 | Research | Horse Collar |
| 18:58 | Build | Stone Wall |
| 19:00 | Build | Stone Wall |
| 19:00 | Build | Stone Wall |
| 19:12 | Queue | Villager (Male) |
| 19:14 | Build | House |
| 19:15 | Build | House |
| 19:19 | Age | Castle Age |
| 19:22 | Build | Monastery |
| 19:25 | Research | Bow Saw |
| 19:33 | Build | Monastery |
| 19:38 | Queue | Villager (Male) |
| 19:57 | Queue | Monk |
| 20:11 | Build | Watch Tower |
| 20:15 | Queue | Monk |
| 20:17 | Queue | Villager (Male) |
| 20:32 | Research | Bodkin Arrow |
| 20:33 | Queue | Villager (Male) |
| 20:34 | Build | Farm |
| 20:49 | Build | Farm |
| 20:52 | Queue | Villager (Male) |
| 20:57 | Queue | Monk |
| 20:57 | Queue | Monk |
| 21:03 | Build | House |
| 21:15 | Queue | Villager (Male) |
| 21:16 | Build | Lumber Camp |
| 21:31 | Queue | Monk |
| 21:31 | Queue | Monk |
| 21:31 | Queue | Monk |
| 21:44 | Queue | Villager (Male) |
| 21:59 | Build | Siege Workshop |
| 22:13 | Queue | Villager (Male) |
| 22:17 | Build | House |
| 22:29 | Queue | Mangonel |
| 22:29 | Queue | Mangonel |
| 22:36 | Queue | Monk |
| 22:36 | Queue | Monk |
| 22:38 | Queue | Villager (Male) |
| 22:38 | Queue | Villager (Male) |
| 22:59 | Queue | Monk |
| 22:59 | Queue | Monk |
| 23:00 | Queue | Villager (Male) |
| 23:03 | Build | Farm |
| 23:04 | Build | Farm |
| 23:06 | Build | Farm |
| 23:12 | Queue | Monk |
| 23:12 | Queue | Monk |
| 23:19 | Queue | Villager (Male) |
Match timeline
| 4:19 | T90Official · first_building Barracks |
| 9:12 | Tacacá · wall_segment Palisade Wall x1 |
| 9:14 | Tacacá · wall_segment Palisade Wall x1 |
| 9:15 | Tacacá · wall_segment Palisade Wall x1 |
| 9:36 | T90Official · wall_segment Palisade Wall x1 |
| 9:44 | Tacacá · wall_segment Palisade Wall x1 |
| 9:48 | Tacacá · wall_segment Palisade Wall x1 |
| 9:51 | Tacacá · wall_segment Palisade Wall x1 |
| 9:52 | Tacacá · wall_segment Palisade Wall x1 |
| 9:56 | Tacacá · wall_segment Palisade Wall x1 |
| 10:00 | Tacacá · wall_segment Palisade Wall x1 |
| 10:14 | Tacacá · wall_segment Palisade Wall x4 |
| 10:16 | Tacacá · wall_segment Palisade Wall x12 |
| 10:31 | Tacacá · age_up feudal |
| 10:39 | T90Official · age_up feudal |
| 10:48 | Tacacá · wall_segment Palisade Wall x1 |
| 10:52 | T90Official · first_building Archery Range |
| 12:21 | Tacacá · wall_segment Stone Wall x1 |
| 12:22 | Tacacá · wall_segment Stone Wall x1 |
| 12:23 | Tacacá · wall_segment Stone Wall x1 |
| 12:23 | Tacacá · wall_segment Stone Wall x1 |
| 12:24 | Tacacá · wall_segment Stone Wall x1 |
| 12:25 | Tacacá · wall_segment Stone Wall x1 |
| 12:57 | Tacacá · first_market_sell 100 stone |
| 13:08 | Tacacá · wall_segment Stone Wall x1 |
| 13:15 | Tacacá · wall_segment Stone Wall x1 |
| 13:21 | Tacacá · wall_segment Stone Wall x1 |
| 13:23 | Tacacá · wall_segment Stone Wall x1 |
| 13:27 | Tacacá · wall_segment Stone Wall x1 |
| 13:29 | Tacacá · wall_segment Stone Wall x1 |
| 14:20 | Tacacá · wall_segment Palisade Wall x1 |
| 14:45 | T90Official · wall_segment Stone Wall x1 |
| 14:46 | T90Official · wall_segment Stone Wall x1 |
| 14:46 | T90Official · wall_segment Stone Wall x1 |
| 14:48 | T90Official · wall_segment Stone Wall x1 |
| 15:38 | Tacacá · age_up castle |
| 15:45 | Tacacá · first_market_buy 100 stone |
| 15:55 | Tacacá · first_building Castle |
| 16:00 | T90Official · first_market_buy 100 food |
| 16:09 | T90Official · wall_segment Palisade Wall x16 |
| 16:34 | Tacacá · wall_segment Stone Wall x2 |
| 16:46 | T90Official · wall_segment Palisade Wall x20 |
| 18:58 | T90Official · wall_segment Stone Wall x1 |
| 19:00 | T90Official · wall_segment Stone Wall x1 |
| 19:00 | T90Official · wall_segment Stone Wall x1 |
| 19:19 | T90Official · age_up castle |
| 19:22 | Tacacá · first_building Siege Workshop |
| 19:22 | T90Official · first_building Monastery |
| 20:28 | T90Official · first_market_sell 100 wood |
| 21:59 | T90Official · first_building Siege Workshop |
| 23:48 | T90Official · wall_segment Stone Wall x1 |
| 27:09 | Tacacá · first_building Monastery |
| 31:07 | Tacacá · resign |
[ AI ANALYSIS · 1 CREDIT ]
What really happened in this match?
Wolo.gg analyzes every decision: build order, eco, micro, common mistakes by bracket. Personalized analysis on WhatsApp or Discord in 30 seconds.
Civ guide
Koreans
Perfil
Jugador #18917671